 Dungeon Crawl Stone Soup version 0.28-a0-1292-gb4563b27b3 (webtiles) character file.

Game seed: 7355268180095954977

56 27snakeeyes612 the Skirmisher (level 3, -7/34 HPs)
             Began as a Naga Fighter on Dec 26, 2021.
             Mangled by a hobgoblin (9 damage)
             ... on level 2 of the Dungeon on Dec 27, 2021.
             The game lasted 00:08:54 (1500 turns).

27snakeeyes612 the Skirmisher (Naga Fighter)        Turns: 1500, Time: 00:08:55

Health: -7/34      AC:  4    Str: 20    XL:     3   Next: 97%
Magic:  3/3        EV:  7    Int:  8    God:
Gold:   64         SH:  0    Dex: 10    Spells: 2/2 levels left

rFire   . . .      SeeInvis +   a - +0 war axe
rCold   . . .      Faith    .   (no shield)
rNeg    . . .      Spirit   .   b - +0 scale mail
rPois   +          Reflect  .   (no helmet)
rElec   .          Harm     .   (no cloak)
rCorr   .          Rampage  .   (no gloves)
Will    .....                   (no barding)
Stlth   ..........              (no amulet)
HPRegen 0.11/turn               (no ring)
MPRegen 0.08/turn               (no ring)

@: very slow
A: AC +1, large, see invisible, deformed body, poison resistance, slowness 2,
spit poison 1, naga tail 1
a: Spit Poison


You were on level 2 of the Dungeon.
You visited 1 branch of the dungeon, and saw 2 of its levels.

You collected 64 gold pieces.

Inventory:

Hand Weapons
 a - a +0 war axe (weapon)
Armour
 b - a +0 scale mail (worn)
 c - a +0 buckler
Potions
 d - a potion of might
 f - a potion of heal wounds {unknown}
 g - a potion of cancellation {unknown}
 h - a potion of brilliance {unknown}


   Skills:
 + Level 3.4 Fighting
 + Level 2.5 Axes
 + Level 2.8 Armour
 + Level 2.2 Stealth
 + Level 2.7 Shields


You had 2 spell levels left.
You didn't know any spells.
Your spell library contained the following spells:

 Spells                   Type           Power      Damage    Failure   Level
 Ignite Poison            Fire/Tmut/Pois 0%         N/A       98%         3
 Mephitic Cloud           Conj/Pois/Air  0%         N/A       98%         3
 Ozocubu's Armour         Ice            0%         N/A       98%         3
 Freezing Cloud           Conj/Ice/Air   0%         6-21      100%        5
 Metabolic Englaciation   Hex/Ice        0%         N/A       100%        5
 Simulacrum               Ice/Necr       0%         N/A       100%        6


Dungeon Overview and Level Annotations

Branches:
Dungeon (2/15)

Altars:

Shops:
D:1 !


Innate Abilities, Weirdness & Mutations

Your serpentine skin is tough. (AC +1)
You have supernaturally acute eyesight. (SInv)
Armour fits poorly on your strangely shaped body.
Your system is resistant to poisons. (rPois)
You cover ground very slowly.
You can spit poison.
You have a snake-like lower body.


Message History

The adder barely misses you.
Aiming: Spit Poison (2% risk of failure)
Press: ? - help, Q - select action Shift-Dir - straight line, f/p - adder
Aim: an adder (heavily wounded)
The splash of poison hits the adder!
The adder is poisoned.
You kill the adder!
You start resting.
You have got your breath back.
You start resting.
A hobgoblin comes into view. It is wielding a +0 morningstar.
The hobgoblin shouts!
The hobgoblin hits you with a +0 morningstar!
* * * LOW HITPOINT WARNING * * *
Aiming: Spit Poison (2% risk of failure)
Press: ? - help, Q - select action Shift-Dir - straight line, f - hobgoblin
Aim: a hobgoblin, wielding a +0 morningstar The splash of poison misses the hobgoblin.
The hobgoblin hits you but does no damage.
You hit the hobgoblin.
The hobgoblin is severely wounded.
The hobgoblin hits you with a +0 morningstar.
* * * LOW HITPOINT WARNING * * *
You feel better.
The hobgoblin hits you with a +0 morningstar!
* * * LOW HITPOINT WARNING * * *
You hit the hobgoblin but do no damage.
The hobgoblin is severely wounded.
The hobgoblin hits you but does no damage.
A goblin comes into view. It is wielding a +0 dagger.
You barely miss the hobgoblin.
The hobgoblin is severely wounded.
You have got your breath back.
The goblin shouts!
The hobgoblin closely misses you.
You barely miss the hobgoblin.
The hobgoblin is severely wounded.
The goblin unwields a +0 dagger.
The goblin wields a +0 hunting sling.
The goblin shoots a stone.
The stone hits you but does no damage.
The hobgoblin hits you with a +0 morningstar!
You die...

####. # ...... .. ####.#
### .# . #.> .# ..
##g##.##.# ..####...†....#
#.....g@#†.##.#
..#####.$..#
##################..#
....................#
###################.......
#######


You could see a hobgoblin and a goblin.

Vanquished Creatures
  3 adders (D:2)
  2 dart slugs (D:1)
  A ball python (D:1)
  2 endoplasms
  A giant cockroach (D:1)
  2 hobgoblins (D:1)
  2 jackals (D:2)
  A quokka (D:1)
  A bat (D:1)
  A frilled lizard (D:1)
  5 goblins
  4 rats
25 creatures vanquished.

Notes
Turn   | Place    | Note
-------+----------+-------------------------------------------
     0 | D:1      | 27snakeeyes612 the Naga Fighter began the quest for the
                  | Orb.
     0 | D:1      | Reached XP level 1. HP: 21/21 MP: 1/1
   461 | D:1      | Found Nicainec's Distillery.
   577 | D:1      | Reached XP level 2. HP: 24/28 MP: 2/2
   602 | D:1      | Reached skill level 1 in Stealth
   618 | D:1      | Upgraded the game from 0.28-a0-1241-gf280a0fbb2 to
                  | 0.28-a0-1292-gb4563b27b3
   954 | D:1      | Found a faded altar of an unknown god.
  1202 | D:2      | Reached XP level 3. HP: 28/34 MP: 3/3
  1500 | D:2      | Mangled by a hobgoblin

Illustrated notes

Levels and vault maps discovered:
D:1:      minmay_arrival_doors, layout_basic, serial_shops, shop,
          shapermc_ecumenical_altar_notcrosses
D:2:      layout_loops_ring, eino_tiny_chamber, minmay_diced_spiral

Skill      XL: |  1  2  3 |
---------------+----------+-----
Stealth        | 1 2 |  2.2
Fighting       | |  3.4
Axes           | |  2.5
Armour         | |  2.8
Shields        | |  2.7

Action                   || total
-------------------------++-------
Melee: War axe           ||    76
 Abil: Spit Poison       ||     4
  Use: Scroll            ||     2
       Potion            ||     1
Armor: Scale mail        ||    29
Dodge: Dodged            ||    35
Block: Buckler           ||     3

Table legend: (Time is in decaauts)
 A = Elapsed time spent in this place.
 B = Non-inter-level travel time spent in this place.
 C = Inter-level travel time spent in this place.
 D = Time resting spent in this place.
 E = Time spent auto-exploring this place.
 F = Levels seen in this place.
 G = Mean time per level.
                   A        B        C        D        E       F      G
               +--------+--------+--------+--------+--------+-----+--------+
         Total |   1892 |   1817 |     75 |    466 |    268 |   2 |  946.0 |
       Dungeon |   1892 |   1817 |     75 |    466 |    268 |   2 |  946.0 |
               +--------+--------+--------+--------+--------+-----+--------+

Top non-repeatable levels by time:
     D:1: 1505 daAuts
     D:2: 386 daAuts
